 Dungeon Crawl Stone Soup version 0.30-a0-883-g5ad918d77d (webtiles) character file.

Game seed: 6644411115041070684

61 Dittersdorf the Shield-Bearer (level 4, -4/29 HPs)
             Began as a Gargoyle Fighter on Mar 15, 2023.
             Killed from afar by a white imp (15 damage)
             ... with a puff of frost
             ... on level 3 of the Dungeon.
             The game lasted 00:02:20 (1095 turns).

Dittersdorf the Shield-Bearer (Gargoyle Fighter)    Turns: 1095, Time: 00:02:20

Health: -4/29      AC: 11    Str: 21    XL:     4   Next: 7%
Magic:  4/4        EV: 14    Int:  9    God:
Gold:   38         SH:  4    Dex:  9    Spells: 3/3 levels left

rFire   . . .      SeeInvis .    a - +0 flail
rCold   . . .      Faith    .    c - +0 buckler
rNeg    + . .      Spirit   .    b - +0 scale mail
rPois   ∞          Reflect  .    (no helmet)
rElec   +          Rampage  .    n - scarf {shadows}
rCorr   .                        (no gloves)
Will    .....                    k - +0 pair of boots Stlth
                                 (no amulet)
HPRegen 0.24/turn                i - +5 ring of evasion
MPRegen 0.09/turn                (no ring)

@: no status effects
A: sickness immunity, AC +3, negative energy resistance 1, electricity
resistance, torment resistance 1, petrification resistance
a: no special abilities


You were on level 3 of the Dungeon.
You visited 1 branch of the dungeon, and saw 3 of its levels.

You collected 38 gold pieces.

Inventory:

Hand Weapons
 a - a +0 flail (weapon)
Missiles
 h - 7 poisoned darts (quivered)
Armour
 b - a +0 scale mail (worn)
 c - a +0 buckler (worn)
 k - a +0 pair of boots (worn)
 n - a scarf of shadows (worn)
Jewellery
 i - a +5 ring of evasion (left hand)
Scrolls
 f - a scroll of enchant weapon {unknown}
 g - a scroll of identify {unknown}
 j - a scroll of amnesia {unknown}
Potions
 d - a potion of might
 e - 3 potions of curing {unknown}
 l - a potion of haste {unknown}
 m - a potion of lignification {unknown}


   Skills:
 + Level 3.9 Fighting
 + Level 2.6 Maces & Flails
 + Level 3.9 Armour
 + Level 3.9 Shields


You had 3 spell levels left.
You didn't know any spells.
Your spell library contained the following spells:

 Spells                   Type           Power      Damage    Failure   Level
 Blink                    Tloc           0%         N/A       91%         2
 Dazzling Flash           Conj/Hex       0%         N/A       99%         3
 Inner Flame              Hex/Fire       0%         N/A       99%         3
 Flame Wave               Conj/Fire      0%         2d4       100%        4
 Iskenderun's Mystic Bla  Conj/Tloc      0%         2d3       100%        4
 Manifold Assault         Tloc           0%         N/A       100%        4
 Sticky Flame             Conj/Fire      0%         2d3       100%        4
 Starburst                Conj/Fire      0%         6d3       100%        6
 Storm Form               Tmut/Air       0%         N/A       100%        7


Dungeon Overview and Level Annotations

Branches:
Dungeon (2/15)

Altars:


Innate Abilities, Weirdness & Mutations

You are immune to sickness and miasma.
Your stone body is resilient. (AC +3)
You are immune to poison.
You resist negative energy. (rN+)
You are resistant to electric shocks. (rElec)
You are resistant to unholy torment.
You are immune to petrification.


Message History

You are too injured to fight recklessly!
You are too injured to fight recklessly!
You are too injured to fight recklessly!
You are too injured to fight recklessly!
You are too injured to fight recklessly!
You are too injured to fight recklessly!
You are too injured to fight recklessly!
You are too injured to fight recklessly!
You are too injured to fight recklessly!
You hit the white imp but do no damage.
The white imp is moderately wounded.
The endoplasm closely misses you. The white imp misses you.
You hit the white imp.
The white imp is heavily wounded.
The white imp barely misses you.
You hit the white imp.
The white imp is severely wounded.
The white imp misses you.
The white imp hits you but does no damage.
You hit the white imp but do no damage.
The white imp is severely wounded.
You block the white imp's attack.
You closely miss the white imp.
The white imp is severely wounded.
The white imp gestures at you. The puff of frost hits you.
You closely miss the white imp.
The white imp is severely wounded.
The white imp closely misses you.
The white imp hits you but does no damage.
You barely miss the white imp.
The white imp is severely wounded.
The white imp gestures at you. The puff of frost hits you.
You hit the white imp but do no damage.
The white imp is severely wounded.
The white imp gestures at you. The puff of frost hits you!
Ouch! That really hurt!
You die...

###.# ...
⌠.....####.##
#........##.....# ....
.... #..#..###
........# #.......# .#
#...#.. ##.#.##.# ..
#..J# #.#.##.#
#.#####5# ###......#
#.....#@#
#...#†#..#### #.#...#
#.....#.....# #.#..##
#...........#
#....####..8..#.....##
###.##.##.............
#....##.....#.......
####.#..............
#.####.#.#.......
#.#P...#.#.#....)


You could see a white imp and an endoplasm.

Vanquished Creatures
  A hound skeleton (D:3)
  2 adder zombies (D:3)
  4 ball pythons (D:1)
  4 bats (D:1)
  5 endoplasms
  2 giant cockroaches (D:1)
  5 goblins
  4 hobgoblins
  A ball python skeleton (D:3)
  A ball python zombie (D:3)
  2 frilled lizards (D:1)
  A jackal skeleton (D:3)
  5 kobolds
  4 rats (D:1)
41 creatures vanquished.

Notes
Turn   | Place    | Note
-------+----------+-------------------------------------------
     0 | D:1      | Dittersdorf the Gargoyle Fighter began the quest for the
                  | Orb.
     0 | D:1      | Reached XP level 1. HP: 14/14 MP: 1/1
   150 | D:1      | Reached XP level 2. HP: 19/19 MP: 2/2
   542 | D:1      | Reached XP level 3. HP: 23/23 MP: 3/3
   967 | D:2      | You fall into a shaft and drop 1 floor!
  1013 | D:3      | Reached XP level 4. HP: 29/29 MP: 4/4
  1095 | D:3      | Killed from afar by a white imp

Illustrated notes

Levels and vault maps discovered:
D:1:      shiori_arrival_oz, layout_loops_cross, minmay_misc_feat_pillars,
          minmay_misc_feat_ornament, chequers_serial_rivers_marsh,
          minmay_tromino_i4
D:2:      layout_basic
D:3:      minmay_skewed_foursquare, layout_basic, mainiacjoe_overflow_paths,
          serial_undead, serial_undead_e, serial_undead_b, serial_undead_d,
          serial_undead_d, uniq_jessica

Action                     |  1- 3 |  4- 6 || total
---------------------------+-------+-------++-------
  Melee: Flail             |   171 |    21 ||   192
 Armour: Scale mail        |    89 |     9 ||    98
  Dodge: Dodged            |   122 |    17 ||   139
  Block: Buckler           |    42 |     2 ||    44

Table legend: (Time is in decaauts)
 A = Elapsed time spent in this place.
 B = Non-inter-level travel time spent in this place.
 C = Inter-level travel time spent in this place.
 D = Time resting spent in this place.
 E = Time spent auto-exploring this place.
 F = Levels seen in this place.
 G = Mean time per level.
                   A        B        C        D        E       F      G
               +--------+--------+--------+--------+--------+-----+--------+
         Total |   1156 |   1120 |     36 |      0 |    700 |   3 |  385.3 |
       Dungeon |   1156 |   1120 |     36 |      0 |    700 |   3 |  385.3 |
               +--------+--------+--------+--------+--------+-----+--------+

Top non-repeatable levels by time:
     D:1: 899 daAuts
     D:3: 142 daAuts
     D:2: 115 daAuts
